Map: Terraços Prion

Players

TheZergLord - Winner!

  • Race: Zerg Zerg
  • League: Master

DakkoN

  • Race: Zerg Zerg
  • League: Master

VOD

Have the link to the VOD?

Description

Time

  • Played on: May 4, 2016, 12:09 p.m.
  • Length: 10:03
Show
View Real Time Build Order
Export as new Build Order

TheZergLord Zerg - Winner!

Build Orders: Hatch First, Zergling Baneling 

Get SALT Encoding   

  12  0:01  Drone  
  13  0:14  Overlord  
  13  0:19  Drone  
  14  0:33  Drone x2  
  16  0:36  Drone  
  17  0:53  Hatchery  
  17  0:55  Drone  
  17  1:09  Spawning Pool  
  17  1:11  Extractor  
  15  1:14  Drone  
  15  1:18  Drone  
  17  1:21  Drone  
  18  1:30  Drone  
  19  1:40  Overlord  
  19  1:56  Queen  
  19  1:57  Zergling x2  
  22  2:03  Zergling x2  
  22  2:06  Queen  
  25  2:12  Baneling Nest  
  25  2:14  Spine Crawler  
  23  2:29  Metabolic Boost  
  24  2:34  Drone x5  
  24  2:35  Drone  
  31  3:00  Hatchery  
  30  3:07  Baneling Nest, Drone  
  30  3:11  Overlord  
  30  3:12  Drone  
  31  3:13  Drone  
  32  3:25  Zergling x4  
  32  3:26  Zergling x4  
  36  3:35  Zergling x12  
  42  3:41  Overlord  
  42  3:42  Zergling x2  
  43  3:50  Baneling x3  
  43  3:51  Baneling  
  43  3:52  Zergling x2  
  44  3:56  Overlord x2  
  44  4:02  Drone  
  45  4:03  Drone x3  
  45  4:05  Baneling  
  45  4:06  Baneling x2  
  45  4:07  Baneling  
  48  4:10  Baneling  
  48  4:26  Drone x3  
  48  4:27  Drone x5  
  56  4:31  Queen  
  58  4:40  Roach Warren  
  58  4:43  Drone x4  
  58  4:44  Drone  
  62  4:56  Extractor  
  62  4:59  Overlord  
  61  5:04  Overlord  
  61  5:06  Extractor  
  61  5:07  Drone x3  
  61  5:08  Overlord x2  
  63  5:19  Roach  
  63  5:20  Roach x6  
  77  5:29  Roach x2  
  80  5:36  Roach x3  
  80  5:37  Zergling x8  
  90  5:47  Zergling x4  
  90  5:48  Zergling x8  
  90  5:49  Lair  
  96  5:57  Baneling x2  
  96  5:58  Baneling  
  96  6:15  Extractor, Drone x2  
  91  6:32  Zergling x2  
  87  6:33  Zergling x12  
  87  6:36  Baneling x11  
  92  6:50  Hatchery  
  91  7:06  Queen, Glial Reconstitution  
  93  7:09  Roach x3  
  93  7:10  Zergling x2  
  100  7:21  Baneling  
  100  7:22  Baneling x3  
  96  7:36  Zergling x8  
  66  8:09  Roach x7  
  74  8:17  Baneling x4  
  63  8:28  Roach x3  
  63  8:29  Zergling x6  
  63  8:31  Extractor  
  67  8:37  Roach  
  67  8:38  Roach x2  
  72  8:43  Zergling x2  
  73  8:53  Zergling x4  
  72  9:03  Baneling x7  
  72  9:13  Zergling x12  
  72  9:14  Zergling x8  
  72  9:16  Baneling x4  
  82  9:24  Drone x5  
  84  9:25  Evolution Chamber  
  84  9:29  Evolution Chamber  
  85  9:32  Roach x3  
  85  9:33  Roach x2  
  85  9:37  Roach x3  
Show
View Real Time Build Order
Export as new Build Order

DakkoN Zerg 

Build Orders: Hatch First 

Get SALT Encoding   

  12  0:03  Drone  
  13  0:18  Overlord  
  13  0:19  Drone  
  14  0:36  Drone x2  
  14  0:41  Drone  
  17  0:56  Hatchery  
  16  0:59  Drone  
  16  1:02  Drone  
  18  1:13  Extractor  
  18  1:16  Spawning Pool  
  16  1:20  Drone  
  17  1:27  Drone  
  18  1:34  Drone  
  19  1:45  Overlord  
  19  2:02  Queen  
  19  2:03  Zergling x2  
  22  2:08  Queen  
  22  2:10  Drone x2  
  26  2:22  Metabolic Boost  
  26  2:32  Spine Crawler  
  26  2:33  Drone x3  
  26  2:34  Drone  
  29  2:43  Drone x2  
  31  2:47  Queen  
  31  2:49  Drone  
  34  2:54  Drone  
  35  3:01  Drone  
  36  3:09  Baneling Nest  
  35  3:15  Evolution Chamber  
  35  3:20  Overlord x2, Drone x2  
  35  3:21  Overlord  
  35  3:35  Overlord  
  35  3:41  Drone  
  35  3:42  Drone x2  
  38  3:50  Hatchery  
  37  3:57  Zergling x2  
  37  3:58  Zergling x14  
  45  4:04  Zerg Ground Armor Level 1  
  45  4:06  Evolution Chamber  
  44  4:14  Drone x3  
  44  4:16  Extractor  
  47  4:17  Extractor  
  46  4:29  Zergling x2  
  46  4:30  Zergling x14  
  55  4:36  Evolution Chamber  
  54  4:41  Zergling x4  
  54  4:45  Zergling x2  
  57  4:46  Hatchery  
  56  4:54  Drone x2  
  58  5:01  Zerg Melee Weapons Level 1  
  58  5:03  Drone x3  
  58  5:05  Drone x3  
  64  5:09  Zergling x2  
  64  5:19  Zergling x2  
  64  5:20  Zergling x2, Overlord  
  66  5:37  Zergling x4  
  66  5:38  Overlord  
  66  5:39  Overlord x3  
  68  5:58  Baneling  
  68  5:59  Baneling x14  
  68  6:07  Zergling x10  
  68  6:08  Zergling x8  
  68  6:09  Zergling x2  
  68  6:29  Zergling x2  
  68  6:30  Zergling x12  
  60  6:53  Spine Crawler  
  60  6:54  Spine Crawler  
  56  6:56  Spine Crawler  
  56  6:58  Spine Crawler  
  56  7:00  Hatchery  
  53  7:16  Zergling x2  
  53  7:17  Zergling x32, Evolution Chamber  
  69  7:23  Spine Crawler x2  
  54  7:33  Lair  
  53  7:40  Baneling x2  
  53  7:41  Baneling x5  
  40  8:01  Zergling x2  
  40  8:02  Zergling x22  
  40  8:15  Zergling x2  
  40  8:16  Zergling x8  
  37  8:42  Zergling x12  
  37  8:44  Queen x3  
  38  9:06  Spine Crawler x2, Zergling x2  
  38  9:07  Zergling x18  
  38  9:08  Spine Crawler  
  45  9:11  Spine Crawler  
  45  9:12  Spine Crawler  
  43  9:34  Drone x7  
  50  9:39  Zergling x2  
  50  9:40  Zergling x2  
Tags
 
Add a new tag
Caveats
  • Supply blocks, unpowered buildings, or Contaminate may cause inaccurate times.
  • Supply counts are checked every 10 seconds.